AoeStats
← CazadorGT

Arena

510417261Analyzed
2v2 RM · 1d ago on Sep 30, 2026· 60m 8s· 4 players
Game mode
Random Map
Map size
Medium (4 player)
Population
200
Speed
Normal
Resources
Standard
Victory
Conquest
Starting age
Dark Age
Ending age
Imperial Age
RankedLock teamsTeams togetherTeam positionsShared explorationLock speedFull tech treeHidden civsTurbo modeCheats
Victory
Defeat
🇧🇷 Burgundians · Brazil
1111
+17
🇨🇳 Gurjaras · China
1105
+17
🇬🇹 Mongols · Guatemala
1171
-19
🇮🇹 Sicilians · Italy
1074
-15
vascoduro
7:19 Double-Bit Axe
7:54 Horse Collar
12:07 Feudal Age
10:48 Stone Mining
11:10 Gold Mining
15:05 Loom
17:55 Castle Age
16:22 Bow Saw
17:16 Gold Shaft Mining
17:44 Heavy Plow
19:16 Scale Barding Armor
19:52 Forging
20:21 Wheelbarrow
20:16 Cavalier
21:48 Town Watch
22:42 Stone Shaft Mining
23:23 Crop Rotation
23:32 Fletching
24:09 Bodkin Arrow
26:11 Two-Man Saw
27:25 Chain Barding Armor
28:47 Crossbowman
29:58 Burgundian Vineyards
30:35 Iron Casting
30:23 Hand Cart
32:00 Padded Archer Armor
37:41 Imperial Age
35:15 Scale Mail Armor
35:17 Husbandry
35:48 Elite Skirmisher
36:46 Town Patrol
37:03 Leather Archer Armor
39:06 Plate Barding Armor
38:16 Capped Ram
40:37 Blast Furnace
41:45 Chemistry
40:24 Light Cavalry
42:18 Chain Mail Armor
41:47 Paladin
43:12 Ballistics
43:46 Conscription
43:51 Treadmill Crane
44:47 Plate Mail Armor
46:17 Elite Coustillier
48:37 Masonry
48:22 Murder Holes
48:29 Bracer
56:11 Architecture
箭无虚发
10:22 Feudal Age
10:55 Horse Collar
11:01 Double-Bit Axe
18:50 Castle Age
23:16 Scale Mail Armor
38:13 Imperial Age
36:49 Wheelbarrow
36:26 Bow Saw
37:09 Bloodlines
37:28 Scale Barding Armor
37:34 Forging
37:15 Fletching
37:44 Chain Mail Armor
39:17 Chain Barding Armor
39:26 Conscription
40:40 Ballistics
41:34 Chemistry
59:30 Husbandry
CazadorGT
10:53 Feudal Age
14:48 Castle Age
13:19 Forging
14:02 Loom
17:00 Double-Bit Axe
16:56 Horse Collar
19:53 Fletching
21:45 Bodkin Arrow
22:57 Padded Archer Armor
23:05 Horse Collar
25:11 Leather Archer Armor
27:41 Town Watch
28:48 Bow Saw
29:36 Bloodlines
29:26 Husbandry
34:21 Imperial Age
32:23 Heavy Plow
34:40 Ballistics
35:02 Onager
36:27 Bracer
38:54 Chemistry
40:56 Elite Mangudai
43:02 Wheelbarrow
43:36 Conscription
46:59 Heavy Camel Rider
55:29 Light Cavalry
56:44 Scale Barding Armor
verbumdei76
0:54 Loom
11:10 Feudal Age
16:44 Scale Mail Armor
19:44 Forging
27:00 Castle Age
26:24 Scale Barding Armor
26:11 Fletching
26:14 Stone Mining
28:04 Chain Mail Armor
33:41 Town Watch
Connection lost

Rejoining the realm…

Still unreachable

The connection could not be restored.

Session expired

The server has moved on; the page needs a fresh start.